 Dungeon Crawl Stone Soup version 0.29.1-15-g9cfb28693d (webtiles) character file.

Game seed: 16301840665829653266

2782 Eitelfritz the Cleaver (level 9, -6/72 HPs)
             Began as a Hill Orc Fighter on Apr 15, 2023.
             Was a Believer of Hepliaklqana.
             Mangled by a two-headed ogre
             ... wielding a +0 giant club
              (11 damage)
             ... on level 9 of the Dungeon.
             The game lasted 00:16:43 (8940 turns).

Eitelfritz the Cleaver (Hill Orc Fighter)           Turns: 8940, Time: 00:16:44

Health: -6/72      AC: 15    Str: 23    XL:     9   Next: 70%
Magic:  9/9        EV: 10    Int:  8    God:    Hepliaklqana [**....]
Gold:   498        SH:  4    Dex: 10    Spells: 8/8 levels left

rFire   . . .      SeeInvis .   a - +7 war axe "Rionug" {vorpal, rElec rN+}
rCold   + . .      Faith    .   c - +0 buckler
rNeg    + . .      Spirit   .   p - +1 scale mail {rC+}
rPois   +          Reflect  .   n - +0 helmet
rElec   +          Harm     .   g - +0 cloak
rCorr   .          Rampage  .   t - +2 pair of gloves
Will    +....                   (no boots)
Stlth   ..........              (no amulet)
HPRegen 0.22/turn               i - ring of willpower
MPRegen 0.11/turn               k - ring of poison resistance

@: no status effects
A: reduced essence
a: Renounce Religion, Ancestor Life: Knight, Ancestor Life: Battlemage, Ancestor
Life: Hexer, Recall Ancestor, Ancestor Identity


You were on level 9 of the Dungeon.
You worshipped Hepliaklqana.
Hepliaklqana was pleased with you.
You visited 2 branches of the dungeon, and saw 10 of its levels.

You collected 1564 gold pieces.
You spent 1066 gold pieces at shops.

Inventory:

Hand Weapons
 a - the +7 war axe "Rionug" (weapon) {vorpal, rElec rN+}
   (You bought it in a shop on level 1 of the Dungeon)

   It inflicts extra damage upon your enemies.
   rElec:     It insulates you from electricity.
   rN:        It protects you from negative energy.
 b - a +0 sling
 s - a +1 war axe
 y - a +0 morningstar
Missiles
 f - 11 javelins
 x - 5 atropa-tipped darts (quivered)
 F - 4 poisoned darts
Armour
 c - a +0 buckler (worn)
 g - a +0 cloak (worn)
 l - the +1 plate armour of Hysteria {Will+ Str+3 SInv}
   (You bought it in a shop on level 2 of the Dungeon)

   Str:       It affects your strength (+3).
   SInv:      It lets you see invisible.
   Will:      It increases your willpower.
 n - a +0 helmet (worn)
 p - a +1 scale mail of cold resistance (worn)
 t - a +2 pair of gloves (worn)
 B - +0 acid dragon scales
Jewellery
 i - a ring of willpower (left hand)
 k - a ring of poison resistance (right hand)
 q - a ring of positive energy
Wands
 u - a wand of flame (28)
 C - a wand of mindburst (14)
Scrolls
 j - 3 scrolls of vulnerability
 o - a scroll of immolation
 z - a scroll of butterflies {unknown}
 A - a scroll of identify
 E - a scroll of poison {unknown}
Potions
 d - 2 potions of might
 e - 2 potions of flight
 h - a potion of brilliance
 m - a potion of magic
 v - a potion of lignification
 w - 4 potions of attraction


   Skills:
 + Level 7.8 Fighting
 + Level 10.9 Axes
 + Level 8.5 Armour
 + Level 1.8 Dodging
 + Level 1.2 Stealth
 + Level 4.6 Shields


You had 8 spell levels left.
You didn't know any spells.
Your spell library contained the following spells:

 Spells                   Type           Power      Damage    Failure   Level
 Corpse Rot               Necr/Pois/Air  0%         N/A       100%        4
 Ice Form                 Ice/Tmut       0%         N/A       100%        4
 Chain Lightning          Conj/Air       0%         N/A       100%        9
 Fire Storm               Conj/Fire      0%         5d1       100%        9
 Shatter                  Erth           0%         3d5*      100%        9


Dungeon Overview and Level Annotations

Branches:
Dungeon (9/15)             Temple (1/1) D:7
   Lair: D:8-11         Orc: D:9-12

Altars:
Ashenzari
Cheibriados
Dithmenos
Elyvilon
Fedhas
Gozag
Hepliaklqana
Kikubaaqudgha
Makhleb
Nemelex Xobeh
Okawaru
Qazlal
Ru
Sif Muna
Trog
Uskayaw
Vehumet
Wu Jian
Xom
Yredelemnul
Zin
The Shining One

Shops:
D:1 (   D:2 *   D:8 (

Annotations:
D:9 1 runed translucent door


Message History

Found a stone staircase leading down.
The howler monkey howls!
The howler monkey barely misses you. The howler monkey closely misses you.
You flicker back into view.
The howler monkey attacks as you move away!
The howler monkey barely misses you.
The howler monkey attacks as you move away!
The howler monkey hits you.
* * * LOW HITPOINT WARNING * * *
You barely miss the howler monkey.
The howler monkey hits you but does no damage.
The howler monkey closely misses you.
Found 16 gold pieces.
Found a runed translucent door.
The howler monkey hoots and howls with incredible vigour!
You hear a shout! x2; You hear a roar!
You hear a shout!
You hear two shouts!
You hear a shout!
You hear an angry buzzing noise.
You hear a shout! x5
The howler monkey hoots and howls with incredible vigour!
Henutemipet emerges from the mists of memory!
The howler monkey attacks as you move away!
The howler monkey completely misses you.
The howler monkey hits Henutemipet.
Henutemipet completely misses the howler monkey.
The howler monkey hits Henutemipet.
Henutemipet hits the howler monkey!
The howler monkey hits Henutemipet but does no damage.
The wight hits Henutemipet with a +4 mace!
Henutemipet hits the wight!
The howler monkey hits Henutemipet.
Something misses Henutemipet.
A two-headed ogre comes into view. It is wielding two +0 giant clubs.
Henutemipet misses the howler monkey.
The howler monkey hits Henutemipet.
Something hits Henutemipet!
The howler monkey hits Henutemipet.
Henutemipet misses the howler monkey.
Henutemipet has departed this plane of existence.
Unknown command.
The howler monkey hoots and howls with incredible vigour!
The two-headed ogre attacks as you move away!
The two-headed ogre hits you with a +0 giant club!
* * * LOW HITPOINT WARNING * * *
The two-headed ogre hits you with a +0 giant club!
You die...

#.......zz.#######.....
#######.#### ####.
#...(...# #z##.##.#
#z##.# # #.##.O #.#####
#.#####.# #.O@....#
#########


You could see a two-headed ogre.

Vanquished Creatures
  A death yak (D:8)
  Prince Ribbit (D:5)
  An acid dragon (D:8)
  2 water moccasins
  A black bear (D:7)
  An orc warrior (D:8)
  An ogre (D:6)
  2 bullfrogs (D:7)
  2 scorpions
  A wight (D:7)
  4 killer bees (D:8)
  2 howler monkeys
  5 jellies
  Crazy Yiuf (D:4)
  3 orc priests
  2 hounds
  2 iguanas
  Terence (D:2)
  7 orc wizards
  A statue (D:8)
  Robin (D:2)
  9 adders
  3 gnolls (D:5)
  A river rat (D:8)
  2 ufetubi
  2 worms
  2 dart slugs
  11 orcs
  9 ball pythons
  3 bats
  3 endoplasms
  4 giant cockroaches
  10 goblins
  13 hobgoblins
  9 jackals
  4 kobolds
  4 quokkas
  2 frilled lizards
  5 rats
138 creatures vanquished.

Vanquished Creatures (collateral kills)
  A hound (D:7)
  2 orcs (D:8)
3 creatures vanquished.

Vanquished Creatures (others)
  3 ancestors
  A goblin skeleton (D:3)
  5 fungi
  3 plants (D:1)
12 creatures vanquished.

Grand Total: 153 creatures vanquished

Notes
Turn   | Place    | Note
-------+----------+-------------------------------------------
     0 | D:1      | Eitelfritz the Hill Orc Fighter began the quest for the
                  | Orb.
     0 | D:1      | Reached XP level 1. HP: 19/19 MP: 1/1
   326 | D:1      | Reached XP level 2. HP: 24/27 MP: 2/2
   425 | D:1      | Reached skill level 3 in Axes
   428 | D:1      | Found a faded altar of an unknown god.
   428 | D:1      | Found Kiag's Antique Weapon Shoppe.
   737 | D:1      | Reached XP level 3. HP: 22/33 MP: 3/3
  1777 | D:2      | Found Kaneewn's Assorted Antiques.
  1825 | D:2      | Reached XP level 4. HP: 35/40 MP: 4/4
  1946 | D:2      | Noticed Robin
  1965 | D:2      | Reached skill level 4 in Axes
  1970 | D:2      | Killed Robin
  2167 | D:2      | Noticed Terence
  2180 | D:2      | Killed Terence
  2181 | D:2      | Reached XP level 5. HP: 27/46 MP: 5/5
  2431 | D:3      | Found a burning altar of Makhleb.
  2759 | D:3      | Found a runed translucent door.
  2759 | D:3      | Noticed a human
  2773 | D:3      | Found a basalt altar of Yredelemnul.
  3084 | D:3      | Reached skill level 5 in Axes
  3321 | D:3      | Reached XP level 6. HP: 29/53 MP: 6/6
  3476 | D:4      | Reached skill level 5 in Fighting
  3949 | D:4      | Found a runed translucent door.
  3950 | D:4      | Noticed Crazy Yiuf
  3992 | D:4      | Reached skill level 6 in Axes
  4013 | D:4      | Reached skill level 5 in Armour
  4318 | D:5      | Entered Level 5 of the Dungeon
  4351 | D:5      | Reached XP level 7. HP: 40/61 MP: 7/7
  4457 | D:5      | Found a bloodstained altar of Trog.
  4699 | D:5      | Found a hazy altar of Hepliaklqana.
  4708 | D:5      | Became a worshipper of Hepliaklqana the Forgotten
  4771 | D:5      | Noticed Prince Ribbit
  4796 | D:5      | Killed Prince Ribbit
  4797 | D:5      | Reached skill level 7 in Axes
  5138 | D:5      | Found a sparkling altar of Nemelex Xobeh.
  5186 | D:5      | Found a sacrificial altar of Ru.
  5189 | D:5      | Found an ancient bone altar of Kikubaaqudgha.
  5192 | D:5      | Found a hide-covered altar of Uskayaw.
  5325 | D:5      | Found an opulent altar of Gozag.
  5370 | D:5      | Reached skill level 1 in Dodging
  5608 | D:1      | Bought an ichor-stained war axe for 178 gold pieces
  5608 | D:1      | Identified the +7 war axe "Rionug" {vorpal, rElec rN+} (You
                  | bought it in a shop on level 1 of the Dungeon)
  5899 | D:4      | Identified a scroll of acquirement
  5899 | D:4      | Acquired 1134 gold pieces
  5906 | D:4      | Killed Crazy Yiuf
  5907 | D:4      | Reached skill level 8 in Axes
  5907 | D:4      | Reached XP level 8. HP: 32/70 MP: 8/8
  6002 | D:2      | Bought a shiny tourmaline ring for 110 gold pieces
  6002 | D:2      | Bought a bubbling dark potion for 19 gold pieces
  6002 | D:2      | Bought an ichor-stained plate armour for 616 gold pieces
  6002 | D:2      | Identified the +1 plate armour of Hysteria {Will+ Str+3
                  | SInv} (You bought it in a shop on level 2 of the Dungeon)
  6002 | D:2      | Bought a notched ruby ring for 110 gold pieces
  6002 | D:2      | Bought a sling for 33 gold pieces
  6368 | D:6      | Got the Tractate on the Remoulded Squall
  6667 | D:6      | Reached * piety under Hepliaklqana
  7344 | D:7      | Found a staircase to the Ecumenical Temple.
  7350 | Temple   | Entered the Ecumenical Temple
  7350 | Temple   | Found a transporter.
  7350 | Temple   | Found a transporter.
  7352 | Temple   | Found a transporter.
  7352 | Temple   | Found a transporter.
  7418 | D:7      | Found a shadowy altar of Dithmenos.
  7654 | D:7      | Reached ** piety under Hepliaklqana
  7789 | D:7      | Reached skill level 9 in Axes
  7807 | D:7      | Reached XP level 9. HP: 50/71 MP: 9/9
  8254 | D:8      | Found a blossoming altar of Fedhas.
  8267 | D:8      | Found Efaute's Antique Weapon Shop.
  8434 | D:8      | Found a radiant altar of Vehumet.
  8564 | D:8      | Reached skill level 10 in Axes
  8580 | D:8      | Noticed a death yak
  8633 | D:8      | Killed a death yak
  8634 | D:8      | Reached skill level 1 in Stealth
  8796 | D:8      | Found a snail-covered altar of Cheibriados.
  8827 | D:8      | Noticed a death yak
  8838 | D:8      | Noticed a death yak
  8917 | D:9      | Found a runed translucent door.
  8929 | D:9      | Noticed a two-headed ogre
  8940 | D:9      | Mangled by a two-headed ogre

Illustrated notes

Levels and vault maps discovered:
D:1:      dpeg_arrival_circle_labyrinth_c, layout_loops_ring,
          shapermc_ecumenical_altar_mp_ritualfount, serial_shops,
          nicolae_diamond_shop
D:2:      layout_loops_ring, serial_shops, shop_statue, uniq_terence, uniq_robin
D:3:      layout_basic, old_standard_altar, dk_yredelemnul_ordeal, st_stairs_7
D:4:      layout_cave_pools, uniq_crazy_yiuf_cottage
D:5:      layout_cave_pools, mainiacjoe_overflow_24_doors,
          nicolae_gozag_seed_capital, mainiacjoe_overflow_tiny_flanked,
          grunt_temple_overflow_cloverleaf, uniq_prince_ribbit1
D:6:      layout_layer_cave
D:7:      layout_basic, nicolae_dithmenos_the_darkroom, temple_statues,
          serial_curves, eino_curves_01, eino_curves_04, st_stairs_9
D:8:      layout_basic, vehumet_statue, mainiacjoe_overflow_boulevard,
          mainiacjoe_overflow_concentric_impassable, dpeg_lair_monsters,
          serial_shops, shop, grunt_decor_fettered
D:9:      minmay_the_grid_four_pointed_star
          [minmay_the_grid_triangle_9x9_impossible_snake,
          minmay_the_grid_triangle_9x9_zippers_vertical,
          minmay_the_grid_triangle_9x9_empty,
          minmay_the_grid_triangle_9x9_subtriangle,
          minmay_the_grid_prize_four_corners], layout_loops_cross,
          kb_lookout_dungeons_type
Temple:   hellmonk_temple_divided_pantheon

Skill      XL: |  1  2  3  4  5  6  7  8  9 |
---------------+----------------------------+-----
Axes           | 3 4 5 6 8 9 10 | 10.9
Fighting       | 4 5 6 7 |  7.8
Armour         | 4 5 7 8 |  8.5
Shields        | 4 |  4.6
Dodging        | 1 |  1.8
Stealth        | 1 |  1.2

Action                   |  1- 3 |  4- 6 |  7- 9 || total
-------------------------+-------+-------+-------++-------
Melee: War axe           |   136 |   164 |   137 ||   437
Throw: Dart              |       |       |     3 ||     3
  Use: Scroll            |       |     5 |    14 ||    19
       Potion            |       |     2 |     5 ||     7
Armor: Scale mail        |    65 |    94 |    57 ||   216
Dodge: Dodged            |    65 |    88 |    58 ||   211
Block: Buckler           |    34 |    37 |    22 ||    93
